 Dungeon Crawl Stone Soup version 0.31-a0-692-gf03d1854d5 (webtiles) character file.

Game seed: 14236572704195796332

69 qw the Shooter (level 4, 0/28 HPs)
             Began as a Gargoyle Hunter on Sept 6, 2023.
             Slain by a goblin
             ... wielding a +0 club
             ... led by Robin
              (2 damage)
             ... on level 2 of the Dungeon.
             The game lasted 00:00:26 (1476 turns).

qw the Shooter (Gargoyle Hunter)                    Turns: 1476, Time: 00:00:27

Health: 0/28       AC:  6    Str: 14    XL:     4   Next: 20%
Magic:  4/4        EV: 11    Int: 10    God:
Gold:   142        SH:  0    Dex: 15    Spells: 3/3 levels left

rFire   . . .        Y - +0 shortbow
rCold   . . .        (shield currently unavailable)
rNeg    + . .        c - +0 leather armour
rPois   inf          (no helmet)
rElec   +            (no cloak)
rCorr   .            (no gloves)
SInv    .            (no boots)
Will    .....        (no amulet)
Stlth   ++           (no ring)
HPRegen 0.24/turn    (no ring)
MPRegen 0.09/turn

%: no passive effects
@: no status effects
A: sickness immunity, AC +3, negative energy resistance 1, electricity
resistance, torment resistance 1, petrification resistance
a: no special abilities


You were on level 2 of the Dungeon.
You visited 1 branch of the dungeon, and saw 2 of its levels.

You collected 142 gold pieces.


Innate Abilities, Weirdness & Mutations

You are immune to sickness and miasma.
Your stone body is resilient. (AC +3)
You are immune to poison.
You resist negative energy. (rN+)
You are resistant to electric shocks. (rElec)
You are resistant to unholy torment.
You are immune to petrification.


   Skills:
 - Level 3.1 Fighting
 + Level 5.2 Ranged Weapons
 - Level 1.5 Dodging
 - Level 1.1 Stealth


You had 3 spell levels left.
You didn't know any spells.
Your spell library was empty.

Inventory:

Hand Weapons
 Y - a +0 shortbow (weapon)
Armour
 b - a +0 helmet
 c - a +0 leather armour (worn)
Scrolls
 a - a scroll of blinking {unknown}
 e - a scroll of teleportation {unknown}
Potions
 d - a potion of might {unknown}
 f - a potion of cancellation {unknown}
 h - 3 potions of enlightenment
 j - 2 potions of curing

Dungeon Overview and Level Annotations

Branches:
Dungeon (2/15)

Altars:

Annotations:
D:2 Natasha, Robin


Message History

You shoot an arrow.
The arrow hits Robin but does no damage.
A goblin comes into view. It is wielding a +0 club.
The goblin barely misses you. Robin throws the goblin at you!
The goblin hits you but does no damage.
Natasha mumbles some strange words.
Enter note:
Enter note:
1473 |||
Found retreat position at 0,-6 (floor) with 1 blocking monsters and 3 monsters attacking at destination at distance 6
Enter note:
Enter note: You shoot an arrow.
The arrow hits Robin.
Robin is lightly wounded.
Robin misses you. The goblin hits you with a +0 club.
The goblin barely misses you. x2; The cerulean imp misses you.
1474 |||
Found retreat position at 0,-6 (floor) with 1 blocking monsters and 3 monsters attacking at destination at distance 6 You shoot an arrow.
The arrow hits Robin.
Robin is moderately wounded.
You hear a shout!
The goblin closely misses you. The goblin hits you but does no damage.
The goblin barely misses you.
Natasha casts a spell.
The cerulean imp hits you from afar with a +2 spear.
Robin hits you with a +0 club. The goblin hits you with a +0 club.
The goblin hits you but does no damage.
1475 |||
Found retreat position at 0,-6 (floor) with 1 blocking monsters and 4 monsters attacking at destination at distance 6 You shoot an arrow.
The arrow hits Robin.
Robin is moderately wounded.
The goblin hits you with a +0 club. The cerulean imp barely misses you.
The goblin hits you with a +0 club.
The cerulean imp hits you from afar with a +1 spear.
The goblin closely misses you. x2
1476 |||
Found retreat position at 0,-6 (floor) with 1 blocking monsters and 4 monsters attacking at destination at distance 6 You shoot an arrow.
The arrow hits Robin but does no damage.
Robin is moderately wounded.
The cerulean imp barely misses you. The goblin closely misses you.
The goblin hits you with a +0 club. The cerulean imp closely misses you.
The goblin hits you with a +0 club.
You die...

#...###.####.....................
#.>.'........###########.########
#...##########..................
#...# #..##...#.%).####.. ###.#
#. #...#.%..# #.# #.###..##....#
#.# #.55%..###...... #.# #.ggg.##
#...#.... #.# #hg@### #...#....
###.#### #r### ##..# ..(
#.%.[..#######) ..# #.
#............#g #..
#......#####.#h .......'...#.#.
.......###.#.#. .##<...# #.#.#.
.#####.###.#.#


You could see Robin, Natasha, 2 cerulean imps, a quokka and 3 goblins.

Vanquished Creatures
  3 adders (D:2)
  2 dart slugs (D:1)
  3 endoplasms
  2 giant cockroaches (D:1)
  10 goblins
  4 hobgoblins
  2 kobolds (D:1)
  4 ball pythons
  3 bats
  A frilled lizard (D:2)
  3 rats
37 creatures vanquished.

Notes
Turn   | Place    | Note
-------+----------+-------------------------------------------
     0 | D:1      | qw the Gargoyle Hunter began the quest for the Orb.
     0 | D:1      | Reached XP level 1. HP: 12/12 MP: 1/1
     0 | D:1      | 0 ||| qw: Version: 0.3-a-76-g4403597
     0 | D:1      | 0 ||| qw: Game counter: 293
     0 | D:1      | 0 ||| qw: Melee chars always use a shield: true
     0 | D:1      | 0 ||| qw: God list: Okawaru
     0 | D:1      | 0 ||| qw: Allow faded altars: false
     0 | D:1      | 0 ||| qw: Do Orc after clearing Dungeon:15 true
     0 | D:1      | 0 ||| qw: Do second Lair branch before Depths: true
     0 | D:1      | 0 ||| qw: Lair rune preference: random
     0 | D:1      | 0 ||| qw: Goals: Normal
     0 | D:1      | 0 ||| PLANNING D:1-11
   153 | D:1      | Reached XP level 2. HP: 16/17 MP: 2/2
   518 | D:1      | Found a faded altar of an unknown god.
   730 | D:1      | 730 ||| READING scroll labelled IDULYC BECHU.
   731 | D:1      | 731 ||| READING scroll labelled BUOLOO KELOEL.
   732 | D:1      | 732 ||| DRINKING 3 green potions.
   733 | D:1      | 733 ||| DRINKING 2 blue potions.
   782 | D:1      | 782 ||| DRINKING 2 smoky green potions.
   783 | D:1      | 783 ||| DROPPING scroll of butterflies.
   784 | D:1      | 784 ||| DROPPING potion of lignification.
   829 | D:2      | Reached skill level 5 in Ranged Weapons
   829 | D:2      | Reached XP level 3. HP: 20/21 MP: 3/3
  1418 | D:2      | Reached skill level 3 in Fighting
  1418 | D:2      | Reached XP level 4. HP: 23/28 MP: 4/4
  1461 | D:2      | Noticed Natasha
  1466 | D:2      | Noticed Robin
  1467 | D:2      | 1467 ||| Stepping ~*~*~tactically~*~*~ (outnumbered).
  1475 | D:2      | HP: 6/28 [goblin/+0 club[Robin] (3)]
  1476 | D:2      | HP: 2/28 [goblin/+0 club (2)]
  1476 | D:2      | Slain by a goblin

Levels and vault maps discovered:
D:1:      nagdon_arrival_zigzag_paths, layout_basic,
          shapermc_ecumenical_altar_petra
D:2:      minmay_recursive_quarters, layout_basic, uniq_robin, uniq_natasha

Skill      XL: |  1  2  3 |
---------------+----------+-----
Ranged Weapons | 5 |  5.2
Fighting       | 3 |  3.1
Dodging        | |  1.5
Stealth        | |  1.1

Action                     |  1- 3 |  4- 6 || total
---------------------------+-------+-------++-------
   Fire: Shortbow          |    78 |    29 ||   107
    Use: Potion            |     3 |       ||     3
         Scroll            |     2 |       ||     2
 Armour: Leather armour    |    19 |    27 ||    46
  Dodge: Dodged            |    22 |    30 ||    52

Table legend:
 A = Non-vault XP
 B = Vault XP
 C = Vault XP percentage of total XP
 D = Non-vault monster count
 E = Vault monster count
 F = Vault count percentage of total count
                 A         B        C        D         E       F
            +---------+---------+-------+---------+---------+-------
      Total |      68 |      31 |  31.3 |      26 |      11 |  29.7
            +---------+---------+-------+---------+---------+-------
        D:1 |      30 |       0 |   0.0 |      15 |       0 |   0.0
        D:2 |      38 |      31 |  44.9 |      11 |      11 |  50.0
            +---------+---------+-------+---------+---------+-------
